General information
- name: BNet
- type: Ladder team game (AT/RT)
- host: Battle.net
- saver: GrubbyTheRapist
map: Mur'gulOasis
- players: 8
- length: 34:52
- speed: Fast
- version: 1.26 W3XP
- replay type: Public
» download(197 KB)
Players
team 1 (loser)
iRoman (
yellow | 72 APM | 2478 actions | 34:20)
7 Paladin
3 Devotion Aura
2 Holy Light
1 Divine Shield
1 Resurrection
» actions
| Assign group hotkey | 45 | |
| Basic commands | 406 | |
| Build / train | 71 | |
| Enter build submenu | 23 | |
| Enter hero's abilities submenu | 7 | |
| Remove unit from queue | 1 | |
| Right click | 579 | |
| Select / deselect | 506 | |
| Select group hotkey | 759 | |
| Use ability | 81 | |
2478 total
» units
| Peasant | 9 | |
| Footman | 12 | |
| Rifleman | 4 | |
| Knight | 4 | |
| Mur'gul Snarecaster | 1 | |
30 total
» upgrades
| Defend | 1 | |
| Swords | 3 | |
| Plating | 3 | |
| Gunpowder | 2 | |
| Armor | 2 | |
| Masonry | 2 | |
| Lumber Harvesting | 1 | |
| Long Rifles | 1 | |
| Animal War Training | 1 | |
16 total
» buildings
| Altar of Kings | 1 | |
| Farm | 8 | |
| Barracks | 2 | |
| Blacksmith | 1 | |
| Arcane Vault | 1 | |
| Lumber Mill | 1 | |
| Keep | 1 | |
| Scout Tower | 8 | |
| Guard Tower | 6 | |
| Castle | 1 | |
| Town Hall | 1 | |
31 total
» build order
00:05 Altar of Kings
00:07 Farm
00:26 Barracks
01:06 Farm
01:47 Farm
02:27 Farm
02:55 Blacksmith
03:55 Arcane Vault
04:31 Farm
04:39 Barracks
04:47 Farm
04:51 Lumber Mill
05:58 Keep
07:07 Scout Tower
07:08 Scout Tower
07:10 Scout Tower
07:10 Scout Tower
07:56 Guard Tower
08:17 Guard Tower
08:17 Guard Tower
08:49 Scout Tower
08:53 Guard Tower
10:15 Guard Tower
12:03 Farm
12:04 Farm
17:01 Castle
18:18 Scout Tower
18:26 Scout Tower
19:17 Guard Tower
23:07 Scout Tower
26:01 Town Hall
» items
| Scroll of Regeneration | 2 | |
| Scroll of Town Portal | 2 | |
| Potion of Healing | 3 | |
| Orb of Fire | 1 | |
8 total
GRUBBYTHEPAPIST (
purple | 50 APM | 1730 actions | 34:49)
7 Mountain King
3 Storm Bolt
3 Bash
1 Avatar
» actions
| Assign group hotkey | 21 | |
| Basic commands | 108 | |
| Build / train | 76 | |
| Enter build submenu | 21 | |
| Enter hero's abilities submenu | 7 | |
| Give item / drop item | 1 | |
| Right click | 711 | |
| Select / deselect | 200 | |
| Select group hotkey | 508 | |
| Use ability | 77 | |
1730 total
» units
| Peasant | 11 | |
| Footman | 5 | |
| Gryphon Rider | 13 | |
29 total
» upgrades
| Masonry | 3 | |
| Storm Hammers | 1 | |
| Animal War Training | 1 | |
| Swords | 1 | |
| Armor | 1 | |
7 total
» buildings
| Altar of Kings | 1 | |
| Barracks | 1 | |
| Farm | 10 | |
| Scout Tower | 23 | |
| Arcane Tower | 1 | |
| Arcane Vault | 1 | |
| Keep | 1 | |
| Lumber Mill | 1 | |
| Guard Tower | 11 | |
| Castle | 2 | |
| Gryphon Aviary | 2 | |
| Blacksmith | 1 | |
| Town Hall | 1 | |
56 total
» build order
00:11 Altar of Kings
00:22 Barracks
00:37 Farm
00:53 Farm
01:31 Farm
01:47 Scout Tower
02:24 Arcane Tower
02:42 Arcane Vault
03:02 Farm
03:25 Keep
03:52 Lumber Mill
04:19 Scout Tower
04:19 Scout Tower
04:24 Farm
04:24 Farm
04:25 Farm
04:26 Farm
05:06 Guard Tower
05:06 Guard Tower
05:47 Castle
05:48 Castle
05:58 Gryphon Aviary
06:01 Guard Tower
07:31 Gryphon Aviary
10:25 Blacksmith
12:07 Scout Tower
12:07 Scout Tower
12:07 Scout Tower
12:09 Scout Tower
12:10 Scout Tower
12:11 Scout Tower
12:11 Scout Tower
12:12 Scout Tower
12:13 Scout Tower
12:13 Scout Tower
12:54 Guard Tower
13:33 Scout Tower
13:33 Scout Tower
14:04 Guard Tower
14:09 Town Hall
14:35 Guard Tower
17:21 Farm
17:22 Farm
20:41 Scout Tower
20:41 Scout Tower
20:41 Scout Tower
23:12 Guard Tower
23:13 Guard Tower
24:37 Scout Tower
24:37 Scout Tower
24:37 Scout Tower
24:38 Scout Tower
24:39 Scout Tower
27:06 Guard Tower
» items
| Scroll of Regeneration | 6 | |
| Lesser Clarity Potion | 2 | |
| Scroll of Town Portal | 5 | |
| Potion of Mana | 2 | |
| Staff of Teleportation | 1 | |
| Potion of Lesser Invulnerability | 1 | |
17 total

»
cookie_monstar (
orange | 35 APM | 1164 actions | 32:48)
4 Mountain King
2 Storm Bolt
2 Bash
3 Archmage
2 Blizzard
1 Brilliance Aura
» actions
| Basic commands | 10 | |
| Build / train | 88 | |
| Enter build submenu | 32 | |
| Enter hero's abilities submenu | 7 | |
| Remove unit from queue | 5 | |
| Right click | 529 | |
| Select / deselect | 420 | |
| Use ability | 73 | |
1164 total
» units
| Peasant | 13 | |
| Footman | 7 | |
| Mortar Team | 12 | |
| Rifleman | 5 | |
| Priest | 2 | |
39 total
» upgrades
| Defend | 1 | |
| Gunpowder | 2 | |
| Lumber Harvesting | 1 | |
| Masonry | 2 | |
| Long Rifles | 1 | |
| Priest Training | 1 | |
| Fragmentation Shards | 1 | |
9 total
» buildings
| Altar of Kings | 1 | |
| Farm | 10 | |
| Barracks | 2 | |
| Scout Tower | 8 | |
| Arcane Tower | 2 | |
| Lumber Mill | 1 | |
| Blacksmith | 2 | |
| Keep | 1 | |
| Guard Tower | 3 | |
| Arcane Vault | 1 | |
| Workshop | 2 | |
| Cannon Tower | 1 | |
| Town Hall | 1 | |
| Castle | 3 | |
| Arcane Sanctum | 1 | |
39 total
» build order
00:15 Altar of Kings
00:23 Farm
01:09 Barracks
01:42 Scout Tower
02:07 Farm
02:11 Arcane Tower
02:11 Arcane Tower
02:15 Scout Tower
02:38 Farm
02:50 Lumber Mill
03:05 Blacksmith
03:14 Farm
03:36 Scout Tower
03:42 Farm
03:51 Keep
04:19 Guard Tower
04:33 Farm
04:48 Scout Tower
04:57 Farm
05:57 Farm
06:09 Blacksmith
06:20 Farm
06:23 Guard Tower
07:03 Arcane Vault
07:39 Workshop
07:46 Workshop
08:51 Cannon Tower
11:19 Farm
12:58 Town Hall
13:08 Scout Tower
13:32 Scout Tower
17:59 Scout Tower
18:01 Scout Tower
18:11 Barracks
18:20 Castle
18:20 Castle
18:21 Castle
18:28 Arcane Sanctum
20:22 Castle
20:59 Guard Tower
21:01 Guard Tower
» items
| Scroll of Regeneration | 3 | |
| Scroll of Town Portal | 10 | |
13 total
OLDKILLER1 (
blue | 30 APM | 583 actions | 19:18)
2 Archmage
1 Summon Water Elemental
1 Brilliance Aura
» actions
| Basic commands | 1 | |
| Build / train | 84 | |
| Enter build submenu | 20 | |
| Enter hero's abilities submenu | 2 | |
| Right click | 229 | |
| Select / deselect | 220 | |
| Use ability | 27 | |
583 total
» units
| Peasant | 12 | |
| Footman | 13 | |
| Rifleman | 9 | |
| Priest | 7 | |
| Sorceress | 6 | |
| Mortar Team | 9 | |
| Flying Machine | 1 | |
57 total
» upgrades
| Defend | 1 | |
| Plating | 2 | |
| Swords | 2 | |
| Masonry | 1 | |
| Lumber Harvesting | 1 | |
| Magic Sentry | 1 | |
| Priest Training | 2 | |
| Gunpowder | 1 | |
| Armor | 1 | |
| Long Rifles | 1 | |
| Sorceress Training | 2 | |
| Flare | 1 | |
16 total
» buildings
| Altar of Kings | 1 | |
| Farm | 9 | |
| Barracks | 1 | |
| Lumber Mill | 1 | |
| Blacksmith | 1 | |
| Keep | 1 | |
| Scout Tower | 2 | |
| Guard Tower | 2 | |
| Arcane Sanctum | 1 | |
| Workshop | 1 | |
20 total
» build order
00:10 Altar of Kings
00:14 Farm
01:00 Barracks
01:03 Farm
01:29 Lumber Mill
02:10 Blacksmith
02:52 Farm
03:53 Farm
04:37 Farm
05:55 Keep
07:00 Scout Tower
07:29 Guard Tower
07:32 Scout Tower
08:00 Guard Tower
08:36 Arcane Sanctum
10:12 Workshop
11:16 Farm
11:20 Farm
12:05 Farm
13:33 Farm
» items
team 2 (winner)
hydro.bluntin (
red | 46 APM | 1149 actions | 24:46)
6 Demon Hunter
3 Mana Burn
2 Evasion
1 Metamorphosis
2 Priestess of the Moon
1 Trueshot Aura
1 Searing Arrows
» actions
| Assign group hotkey | 24 | |
| Basic commands | 128 | |
| Build / train | 67 | |
| Enter build submenu | 24 | |
| Enter hero's abilities submenu | 8 | |
| Give item / drop item | 3 | |
| Remove unit from queue | 5 | |
| Right click | 508 | |
| Select / deselect | 229 | |
| Select group hotkey | 84 | |
| Use ability | 68 | |
1149 total
» units
| Wisp | 13 | |
| Archer | 5 | |
| Huntress | 5 | |
| Dryad | 9 | |
| Druid of the Talon | 1 | |
33 total
» upgrades
| Moon Armor | 0 | |
| Ultravision | 1 | |
| Reinforced Hides | 3 | |
| Strength of the Wild | 3 | |
| Abolish Magic | 1 | |
| Well Spring | 1 | |
9 total
» buildings
| Altar of Elders | 5 | |
| Ancient of War | 1 | |
| Moon Well | 7 | |
| Hunter's Hall | 1 | |
| Tree of Ages | 1 | |
| Ancient Protector | 4 | |
| Ancient of Lore | 2 | |
| Ancient of Wonders | 1 | |
| Tree of Eternity | 1 | |
| Ancient of Wind | 1 | |
24 total
» build order
00:21 Altar of Elders
00:27 Ancient of War
00:35 Moon Well
01:43 Moon Well
02:45 Hunter's Hall
02:53 Moon Well
03:46 Tree of Ages
04:28 Ancient Protector
05:49 Moon Well
07:06 Ancient of Lore
07:08 Ancient of Lore
09:24 Moon Well
10:16 Ancient of Wonders
16:11 Tree of Eternity
16:28 Moon Well
18:14 Moon Well
19:13 Ancient Protector
20:39 Ancient of Wind
23:21 Ancient Protector
23:25 Ancient Protector
23:53 Altar of Elders
24:00 Altar of Elders
24:03 Altar of Elders
24:05 Altar of Elders
» items
| Scroll of Town Portal | 4 | |
| Boots of Speed | 1 | |
| Periapt of Vitality | 1 | |
| Orb of Venom | 1 | |
| Anti-magic Potion | 2 | |
9 total
GrubbyTheRapist (
pink | 57 APM | 1992 actions | 34:52)
8 Mountain King
3 Storm Bolt
3 Thunder Clap
1 Avatar
1 Bash
» actions
| Assign group hotkey | 81 | |
| Basic commands | 164 | |
| Build / train | 68 | |
| ESC pressed | 1 | |
| Enter build submenu | 29 | |
| Enter hero's abilities submenu | 8 | |
| Right click | 1027 | |
| Select / deselect | 333 | |
| Select group hotkey | 232 | |
| Use ability | 49 | |
1992 total
» units
| Peasant | 6 | |
| Footman | 6 | |
| Rifleman | 1 | |
| Gryphon Rider | 21 | |
34 total
» upgrades
| Masonry | 3 | |
| Swords | 3 | |
| Animal War Training | 1 | |
| Storm Hammers | 1 | |
| Armor | 2 | |
10 total
» buildings
| Altar of Kings | 1 | |
| Barracks | 1 | |
| Farm | 12 | |
| Blacksmith | 1 | |
| Lumber Mill | 1 | |
| Keep | 2 | |
| Scout Tower | 9 | |
| Arcane Tower | 3 | |
| Arcane Vault | 1 | |
| Guard Tower | 7 | |
| Gryphon Aviary | 2 | |
| Castle | 1 | |
41 total
» build order
00:03 Altar of Kings
00:07 Barracks
00:09 Farm
01:13 Farm
02:29 Blacksmith
02:35 Farm
03:33 Lumber Mill
03:55 Keep
03:55 Keep
04:02 Farm
05:03 Scout Tower
05:16 Scout Tower
05:21 Scout Tower
05:36 Arcane Tower
05:36 Arcane Tower
05:43 Arcane Vault
05:46 Guard Tower
05:52 Guard Tower
06:03 Farm
06:28 Gryphon Aviary
07:02 Castle
08:51 Gryphon Aviary
09:18 Scout Tower
10:36 Scout Tower
11:07 Guard Tower
11:47 Scout Tower
12:24 Guard Tower
13:09 Scout Tower
13:50 Guard Tower
14:29 Farm
14:36 Farm
15:37 Farm
18:16 Farm
18:17 Farm
19:21 Scout Tower
19:58 Guard Tower
20:03 Scout Tower
20:47 Guard Tower
21:43 Farm
21:43 Farm
» items

»
Oldestarmybrat1 (
teal | 27 APM | 691 actions | 25:30)
5 Paladin
3 Holy Light
1 Devotion Aura
1 Divine Shield
» actions
| Assign group hotkey | 10 | |
| Basic commands | 4 | |
| Build / train | 56 | |
| Enter build submenu | 27 | |
| Enter hero's abilities submenu | 5 | |
| Remove unit from queue | 1 | |
| Right click | 239 | |
| Select / deselect | 159 | |
| Select group hotkey | 149 | |
| Use ability | 41 | |
691 total
» units
| Peasant | 9 | |
| Footman | 6 | |
| Rifleman | 7 | |
| Spell Breaker | 3 | |
| Knight | 3 | |
28 total
» upgrades
| Masonry | 2 | |
| Swords | 2 | |
| Plating | 1 | |
| Gunpowder | 3 | |
| Long Rifles | 1 | |
| Lumber Harvesting | 1 | |
| Armor | 2 | |
| Animal War Training | 1 | |
| Control Magic | 1 | |
14 total
» buildings
| Altar of Kings | 1 | |
| Farm | 15 | |
| Barracks | 2 | |
| Lumber Mill | 1 | |
| Blacksmith | 1 | |
| Scout Tower | 3 | |
| Guard Tower | 3 | |
| Keep | 1 | |
| Arcane Vault | 1 | |
| Arcane Sanctum | 1 | |
| Gryphon Aviary | 1 | |
| Castle | 1 | |
| Town Hall | 1 | |
32 total
» build order
00:13 Altar of Kings
00:21 Farm
00:29 Barracks
00:59 Farm
01:38 Lumber Mill
01:50 Farm
02:30 Blacksmith
02:44 Scout Tower
03:03 Farm
03:26 Scout Tower
03:30 Guard Tower
03:53 Farm
04:01 Guard Tower
04:05 Scout Tower
04:35 Guard Tower
04:40 Farm
04:46 Farm
07:26 Keep
07:36 Farm
07:45 Barracks
07:59 Arcane Vault
11:17 Farm
11:22 Arcane Sanctum
11:40 Gryphon Aviary
12:07 Farm
13:20 Farm
14:29 Farm
14:46 Castle
17:02 Farm
17:55 Farm
19:16 Farm
21:24 Town Hall
» items

»
Ho3zz (
green | 42 APM | 1045 actions | 24:43)
4 Lich
2 Frost Nova
2 Frost Armor
» actions
| Assign group hotkey | 19 | |
| Basic commands | 71 | |
| Build / train | 51 | |
| ESC pressed | 11 | |
| Enter build submenu | 26 | |
| Enter hero's abilities submenu | 4 | |
| Right click | 433 | |
| Select / deselect | 301 | |
| Select group hotkey | 79 | |
| Use ability | 50 | |
1045 total
» units
| Acolyte | 2 | |
| Ghoul | 17 | |
| Necromancer | 6 | |
25 total
» upgrades
| Cannibalize | 1 | |
| Unholy Strength | 3 | |
| Unholy Armor | 3 | |
| Necromancer Training | 2 | |
| Skeletal Longevity | 1 | |
| Skeletal Mastery | 1 | |
| Ghoul Frenzy | 1 | |
12 total
» buildings
| Altar of Darkness | 1 | |
| Ziggurat | 17 | |
| Crypt | 2 | |
| Nerubian Tower | 1 | |
| Graveyard | 1 | |
| Spirit Tower | 5 | |
| Halls of the Dead | 1 | |
| Black Citadel | 1 | |
| Temple of the Damned | 2 | |
31 total
» build order
00:08 Altar of Darkness
00:11 Ziggurat
00:36 Crypt
01:01 Ziggurat
01:41 Crypt
02:29 Ziggurat
03:06 Nerubian Tower
03:24 Graveyard
05:37 Spirit Tower
05:40 Ziggurat
06:56 Halls of the Dead
07:06 Spirit Tower
08:55 Ziggurat
09:08 Ziggurat
10:02 Ziggurat
10:04 Spirit Tower
10:26 Black Citadel
10:50 Temple of the Damned
11:03 Temple of the Damned
11:09 Ziggurat
12:23 Spirit Tower
16:20 Ziggurat
16:25 Ziggurat
16:28 Ziggurat
16:32 Ziggurat
18:39 Spirit Tower
23:24 Ziggurat
23:27 Ziggurat
23:29 Ziggurat
23:31 Ziggurat
23:33 Ziggurat
Chat log
(00:31 / All) GrubbyTheRapist: gggggggggggggggggggggggggggggggggggggggggggggggggggggggggggggggggggggggggggggggggggggggggggggggggggggggggggggggggggggggggg
(00:45 / All) GRUBBYTHEPAPIST: shut up rapist
(00:46 / All) hydro.bluntin: Gggggggggggggggggggggggggggggggggggggggggggggggggggggggggggggggggggggggggggggggggggggggggggggggggggggggggggggggggggggggggggggg.
(01:11 / All) Ho3zz: warriors of the night asseembleeeee
(01:16 / Allies) Ho3zz: plan?
(01:31 / Allies) hydro.bluntin: rush?
(01:35 / Allies) Ho3zz: sure
(01:58 / All) Ho3zz: Time to totally kick ass
(02:10 / All) hydro.bluntin: time to rape days
(03:40 / Allies) Ho3zz: r we going?
(04:04 / Allies) Ho3zz: alone?
(04:12 / Allies) hydro.bluntin: he used his tp
(04:16 / Allies) Ho3zz: pink u coming or what
(04:24 / Allies) Oldestarmybrat1: waite
(05:33 / Allies) Ho3zz: smh
(07:24 / All) Ho3zz: pussyyyy
(07:27 / Allies) hydro.bluntin: hit?
(07:33 / Allies) GrubbyTheRapist: yes
(07:33 / Allies) Ho3zz: fuck it
(07:54 / Allies) Ho3zz: dont fucking run tho
(08:14 / All) GRUBBYTHEPAPIST: nigga red
(08:14 / Allies) hydro.bluntin: im b
(08:31 / Allies) Ho3zz: smh stop fucking runnning u leave us all hanging
(11:22 / All) GRUBBYTHEPAPIST: get a tp red, or ur dead again
(12:05 / Allies) Ho3zz: fuck u buddy, u wanna attack and ur always the first one to run
(12:49 / Allies) GrubbyTheRapist: anyone have spare gold?
(13:39 / Allies) Ho3zz: stfu
(14:39 / All) cookie_monstar: WTF
(14:43 / All) GrubbyTheRapist: raped
(14:45 / All) GRUBBYTHEPAPIST: calm down orange
(15:55 / All) cookie_monstar: PURP has an expo on top right redm only 2 towrs
(17:02 / Allies) Ho3zz: fucking towers
(17:03 / Allies) hydro.bluntin: ghouls first
(17:06 / Allies) hydro.bluntin: towrers
(18:15 / Allies) Ho3zz: see the shit im talking about
(19:46 / Allies) Ho3zz: tp to teal
(19:51 / Allies) Ho3zz: asapp repair
(20:11 / Allies) Ho3zz: yikes
(20:11 / Allies) Oldestarmybrat1: red tp
(20:14 / Allies) Ho3zz: run red
(21:06 / Allies) Ho3zz: helppp
(21:09 / Allies) Oldestarmybrat1: need 200
(22:10 / Allies) hydro.bluntin: wtf
(22:16 / All) GrubbyTheRapist: "wtf -red
(22:55 / Allies) Ho3zz: finish yellow cmon
(23:10 / Allies) Ho3zz: pink stop the bullshit
(23:43 / Allies) Ho3zz: lumber plz?
(23:44 / Allies) Oldestarmybrat1: pk
(24:15 / Allies) Ho3zz: teal lumber plz?
(24:19 / Allies) Ho3zz: pink cmon man
(24:35 / Allies) hydro.bluntin: pinks a goofy nigger
(24:42 / All) hydro.bluntin: pink loves nigger dick
(24:43 / All) GrubbyTheRapist: pinks a goofy nigger -red
(24:52 / All) GRUBBYTHEPAPIST: lawl
(25:25 / Allies) Oldestarmybrat1: idiot
(27:13 / All) cookie_monstar: hit putps expo now, top right expo
(27:23 / All) cookie_monstar: hes upgrading towers no, so hit quick
(27:42 / All) cookie_monstar: i got no income, im dead somt waisting your time hit purp
(29:39 / All) GRUBBYTHEPAPIST: apologize orange
(29:54 / All) GrubbyTheRapist: please do so
(30:39 / All) cookie_monstar: PURPS A COCK SUCKING PRICK WHO LOVES BEING TOUCHED BY PRISTS
(30:45 / All) GrubbyTheRapist: like me!
(30:47 / All) GRUBBYTHEPAPIST: apologize now orange
(30:53 / All) cookie_monstar: suck a cock
(32:45 / All) cookie_monstar: im dont, PURP go fuck yourself
(34:28 / All) GRUBBYTHEPAPIST: good work
(34:37 / All) GrubbyTheRapist: thanks
(34:38 / All) GrubbyTheRapist: you too
(34:39 / All) GRUBBYTHEPAPIST: i think my team should lose ill leave